Calgary Flames vs New York Rangers
Created - Monday, June 23, 2025 at 08:44
Goals
|
| Calgary Flames |
1 |
1 |
1 |
3 |
| New York Rangers |
0 |
1 |
0 |
1 |
|
Shots
|
| Calgary Flames |
15 |
7 |
12 |
34 |
| New York Rangers |
6 |
9 |
16 |
31 |
|
1st period
1. Calgary Flames , J.T. Miller 8 (Jeremy Lauzon 4, Chris Kreider 8) at 18:54 (PP)
Penalties :
Tyler Motte (NYR) for Cross-checking (Minor) at 1:42, Joel Eriksson Ek (CGY) for Tripping (Minor) at 7:27, John Marino (NYR) for Close Hand On Puck (Minor) at 13:29, Mikael Granlund (NYR) for Roughing (Minor) at 18:38
2nd period
2. Calgary Flames , Nic Dowd 1 (Nicholas Paul 2, Cale Makar 7) at 5:15
3. New York Rangers , Conor Garland 3 (Teuvo Teravainen 3, Sean Couturier 2) at 15:16
Penalties :
Igor Shesterkin (NYR) for Slashing (Minor) at 17:24 - Marcus Foligno served the penalty
3rd period
4. Calgary Flames , J.T. Miller 9 (Chris Kreider 9, Matthew Tkachuk 15) at 19:40 (Empty Net)
Penalties :
Jake McCabe (NYR) for Tripping (Minor) at 4:16
Goalie Stats
Ilya Sorokin (CGY), 30 saves from 31 shots - (0.968), W, 12-4-1, 60:00 minutes
Igor Shesterkin (NYR), 31 saves from 33 shots - (0.939), L, 10-7-0, 58:53 minutes
Players Stats for Calgary Flames
Player Name G A P +/- PIM S H SB GA TA FO MP PP MP PK MP
------------------------------------------------------------------------------------
Bo Horvat 0 0 0 0 0 4 0 1 1 0 7/14 12:18 0:00 0:00
Cale Makar 0 1 1 2 0 0 3 2 0 1 0/0 22:26 3:25 0:57
Chris Kreider 0 2 2 0 0 3 1 1 1 0 0/3 19:59 3:51 0:57
Drew Doughty 0 0 0 2 0 1 2 1 1 0 0/0 22:26 3:25 0:57
Filip Hronek 0 0 0 0 0 0 1 1 1 0 0/0 14:46 0:00 0:00
J.T. Miller 2 0 2 0 0 6 4 0 1 0 9/13 19:35 3:51 0:56
Jake Middleton 0 0 0 0 0 1 0 1 0 0 0/0 14:39 0:00 0:00
Jeremy Lauzon 0 1 1 -1 0 4 3 2 0 0 0/0 22:48 4:47 1:02
Joel Eriksson Ek 0 0 0 0 2 1 4 0 0 0 0/0 13:24 0:00 0:00
Kris Letang 0 0 0 -1 0 0 1 2 0 1 0/0 22:48 4:47 1:02
Mathieu Joseph 0 0 0 1 0 1 0 0 1 0 0/0 9:15 0:00 0:00
Matthew Tkachuk 0 1 1 0 0 2 1 0 1 0 0/3 18:36 3:51 0:00
Nic Dowd 1 0 1 1 0 2 2 0 1 0 0/0 9:39 0:00 0:00
Nicholas Paul 0 1 1 1 0 1 1 0 1 0 7/8 10:06 0:00 0:51
Oliver Bjorkstrand 0 0 0 0 0 0 2 0 1 0 1/1 12:18 0:00 0:00
Pavel Zacha 0 0 0 0 0 2 0 0 0 0 1/1 16:21 4:21 0:11
Sebastian Aho 0 0 0 0 0 4 0 0 0 0 10/17 18:47 4:21 1:03
Zach Hyman 0 0 0 0 0 2 0 0 0 0 0/1 17:49 4:21 0:00
Players Stats for New York Rangers
Player Name G A P +/- PIM S H SB GA TA FO MP PP MP PK MP
------------------------------------------------------------------------------------
Adam Larsson 0 0 0 1 0 1 3 1 0 1 0/0 23:42 0:00 4:19
Artemi Panarin 0 0 0 -2 0 3 3 0 0 1 0/1 16:21 1:05 0:00
Cam Fowler 0 0 0 0 0 2 2 0 0 0 0/0 20:58 1:05 1:34
Cole Caufield 0 0 0 -1 0 3 0 1 1 1 0/0 17:14 1:03 1:11
Conor Garland 1 0 1 1 0 2 0 0 0 0 0/2 13:05 0:56 0:00
David Kampf 0 0 0 0 0 1 0 0 0 0 5/11 11:55 0:00 3:40
Dylan Strome 0 0 0 0 0 2 2 0 0 0 6/11 14:31 0:56 0:00
Jake McCabe 0 0 0 1 2 1 1 2 0 1 0/0 23:13 0:00 3:03
Jake Walman 0 0 0 0 0 0 1 1 1 1 0/0 22:25 0:54 3:53
John Marino 0 0 0 -2 2 0 1 2 0 0 0/0 15:33 0:00 3:04
Marcus Foligno 0 0 0 0 0 3 3 0 0 0 0/0 11:25 0:00 3:09
Matthew Benning 0 0 0 -2 0 0 2 0 0 1 0/0 12:30 0:00 0:31
Mikael Granlund 0 0 0 -1 2 0 1 2 0 2 9/26 19:18 0:56 3:51
Nathan MacKinnon 0 0 0 -2 0 1 1 0 0 1 1/2 16:19 1:03 0:00
Sean Couturier 0 1 1 1 0 2 1 0 0 1 5/8 14:33 0:00 1:51
Teuvo Teravainen 0 1 1 1 0 3 1 0 0 0 0/0 13:08 0:54 0:00
Timo Meier 0 0 0 0 0 5 1 0 0 0 0/0 14:38 1:03 0:00
Tyler Motte 0 0 0 0 2 2 0 0 0 0 0/0 10:56 0:00 2:42
3 Stars
1 - J.T. Miller (CGY)
2 - Ilya Sorokin (CGY)
3 - Nic Dowd (CGY)
Power Play
Calgary Flames - 1 on 5 Attempt(s) - 20.00%
New York Rangers - 0 on 1 Attempt(s) - 0.00%
Penalty Kill
Calgary Flames - 1 on 1 Attempt(s) - 100.00%
- Score 0 goal in Penalty Kill
New York Rangers - 4 on 5 Attempt(s) - 80.00%
- Score 0 goal in Penalty Kill
Team Stat
Calgary Flames - Hits : 25 - Faceoff Wins : 35 - Blocked Shots : 11 - Penalty Minutes : 2
New York Rangers - Hits : 23 - Faceoff Wins : 26 - Blocked Shots : 9 - Penalty Minutes : 10
Official
Referees : Furman South and Ian Walsh
Linesman : Travis Toomey and Andrew Smith
Game Notes
J.T. Miller has scored in a empty net!
Finance
Level 1 -- Attendance: 6000 (100.00%) -- Ticket Income $612,000
Level 2 -- Attendance: 5000 (100.00%) -- Ticket Income $315,000
Level 3 -- Attendance: 3000 (100.00%) -- Ticket Income $123,000
Level 4 -- Attendance: 5000 (100.00%) -- Ticket Income $140,000
Luxury Box -- Attendance: 1000 (100.00%) -- Ticket Income $195,000
Game was played at the Madison Square Garden.
Total Attendance: 20000 (100.00%)
Total Ticket Income: $1,385,000
Other Income: $484,750
Total Income: $1,869,750
Calgary Flames
5 vs 5 Forward
Center Left Wing Right Wing Time % Phy DF OF
1 J.T. Miller Chris Kreider Matthew Tkachuk 30 0 3 2
2 Sebastian Aho Joel Eriksson Ek Zach Hyman 30 0 3 2
3 Bo Horvat Pavel Zacha Oliver Bjorkstrand 25 0 2 3
4 Nicholas Paul Nic Dowd Mathieu Joseph 15 1 2 2
5 vs 5 Defense
Defense Defense Time % Phy DF OF
1 Drew Doughty Cale Makar 35 0 2 3
2 Kris Letang Jeremy Lauzon 35 0 2 3
3 Filip Hronek Jake Middleton 30 1 2 2
4 Drew Doughty Cale Makar 0 1 2 2
PowerPlay Forward
Center Left Wing Right Wing Time % Phy DF OF
1 J.T. Miller Chris Kreider Matthew Tkachuk 50 1 2 2
2 Sebastian Aho Pavel Zacha Zach Hyman 50 1 2 2
PowerPlay Defense
Defense Defense Time % Phy DF OF
1 Drew Doughty Cale Makar 50 1 2 2
2 Kris Letang Jeremy Lauzon 50 1 2 2
Penalty Kill 4 Players Forward
Center Wing Time % Phy DF OF
1 J.T. Miller Chris Kreider 50 1 2 2
2 Sebastian Aho Joel Eriksson Ek 50 1 2 2
Penalty Kill 4 Players Defense
Defense Defense Time % Phy DF OF
1 Drew Doughty Cale Makar 50 1 2 2
2 Kris Letang Jeremy Lauzon 50 1 2 2
Penalty Kill - 3 Players Forward
Forward Time % Phy DF OF
1 J.T. Miller 50 1 2 2
2 Chris Kreider 50 1 2 2
Penalty Kill - 3 Players Defense
Defense Defense Time % Phy DF OF
1 Drew Doughty Cale Makar 50 1 2 2
2 Kris Letang Jeremy Lauzon 50 1 2 2
4 vs 4 Forward
Center Wing Time % Phy DF OF
1 J.T. Miller Chris Kreider 50 1 2 2
2 Sebastian Aho Joel Eriksson Ek 50 1 2 2
4 vs 4 Defense
Defense Defense Time % Phy DF OF
1 Drew Doughty Cale Makar 50 1 2 2
2 Kris Letang Jeremy Lauzon 50 1 2 2
Last Minutes Offensive
Center Left Wing Right Wing Defense Defense
J.T. Miller Chris Kreider Matthew Tkachuk Drew Doughty Cale Makar
Last Minutes Defensive
Center Left Wing Right Wing Defense Defense
J.T. Miller Chris Kreider Matthew Tkachuk Drew Doughty Cale Makar
Goaltenders
Starting : Ilya Sorokin
Backup : Samuel Montembeault
Extra Forwards
Normal : Nic Dowd, Bo Horvat, Nicholas Paul - PP : Nic Dowd, Bo Horvat - PK : Nicholas Paul
Extra Defensemen
Normal : Filip Hronek, Jake Middleton, Kris Letang - PP : Filip Hronek - PK : Jake Middleton, Kris Letang
Penalty Shots
J.T. Miller, Chris Kreider, Sebastian Aho, Joel Eriksson Ek, Bo Horvat
Scratches
None
New York Rangers
5 vs 5 Forward
Center Left Wing Right Wing Time % Phy DF OF
1 Mikael Granlund Artemi Panarin Nathan MacKinnon 30 1 1 3
2 Dylan Strome Cole Caufield Timo Meier 30 1 1 3
3 Sean Couturier Teuvo Teravainen Conor Garland 25 1 2 2
4 David Kampf Tyler Motte Marcus Foligno 15 1 2 2
5 vs 5 Defense
Defense Defense Time % Phy DF OF
1 Jake McCabe Adam Larsson 40 1 3 1
2 Cam Fowler Jake Walman 35 1 3 1
3 John Marino Matthew Benning 25 1 3 1
4 Cam Fowler Jake McCabe 0 1 2 2
PowerPlay Forward
Center Left Wing Right Wing Time % Phy DF OF
1 Nathan MacKinnon Timo Meier Cole Caufield 60 0 1 4
2 Dylan Strome Mikael Granlund Conor Garland 40 1 1 3
PowerPlay Defense
Defense Defense Time % Phy DF OF
1 Cam Fowler Artemi Panarin 60 0 1 4
2 Teuvo Teravainen Jake Walman 40 1 1 3
Penalty Kill 4 Players Forward
Center Wing Time % Phy DF OF
1 David Kampf Tyler Motte 50 1 3 1
2 Mikael Granlund Marcus Foligno 50 1 3 1
Penalty Kill 4 Players Defense
Defense Defense Time % Phy DF OF
1 Jake Walman John Marino 50 1 3 1
2 Adam Larsson Jake McCabe 50 1 3 1
Penalty Kill - 3 Players Forward
Forward Time % Phy DF OF
1 David Kampf 50 1 3 1
2 Mikael Granlund 50 1 3 1
Penalty Kill - 3 Players Defense
Defense Defense Time % Phy DF OF
1 Jake Walman John Marino 50 1 3 1
2 Adam Larsson Cam Fowler 50 1 3 1
4 vs 4 Forward
Center Wing Time % Phy DF OF
1 Nathan MacKinnon Artemi Panarin 50 1 2 2
2 Dylan Strome Cole Caufield 50 1 2 2
4 vs 4 Defense
Defense Defense Time % Phy DF OF
1 Jake Walman Jake McCabe 50 1 2 2
2 Adam Larsson Cam Fowler 50 1 2 2
Last Minutes Offensive
Center Left Wing Right Wing Defense Defense
Nathan MacKinnon Artemi Panarin Cole Caufield Cam Fowler Jake Walman
Last Minutes Defensive
Center Left Wing Right Wing Defense Defense
David Kampf Mikael Granlund Marcus Foligno Jake Walman John Marino
Goaltenders
Starting : Igor Shesterkin
Backup : Kevin Lankinen
Extra Forwards
Normal : Cole Caufield, Artemi Panarin, Timo Meier - PP : Dylan Strome, Conor Garland - PK : Sean Couturier
Extra Defensemen
Normal : Jake Walman, John Marino, Adam Larsson - PP : John Marino - PK : Cam Fowler, Matthew Benning
Penalty Shots
Artemi Panarin, Dylan Strome, Cole Caufield, Conor Garland, Nathan MacKinnon
Scratches
None
% Time on Ice - Calgary Flames
Lines # - Real PCT - Wanted PCT - Time Play
Normal Forward
1 - 29% - 30% - 14:06
2 - 27% - 30% - 13:28
3 - 25% - 25% - 12:18
4 - 19% - 15% - 9:15
Normal Defense
1 - 35% - 35% - 17:22
2 - 35% - 35% - 16:59
3 - 30% - 30% - 14:46
4 - 0% - 0% - 0:00
PP Forward
1 - 47% - 50% - 3:51
2 - 53% - 50% - 4:21
PP Defense
1 - 42% - 50% - 3:25
2 - 58% - 50% - 4:47
PK Forward
1 - 38% - 50% - 0:45
2 - 62% - 50% - 1:14
PK Defense
1 - 48% - 50% - 0:57
2 - 52% - 50% - 1:02
PK3 Forward
1 - 0% - 50%
2 - 0% - 50%
PK3 Defense
1 - 0% - 50%
2 - 0% - 50%
44 Forward
1 - 0% - 50%
2 - 0% - 50%
44 Defense
1 - 0% - 50%
2 - 0% - 50%
Last Minute Offensive - 0:00
Last Minute Defensive - 0:42
Total
Forward - 60:00
Defense - 60:00
|
% Time on Ice - New York Rangers
Lines # - Real PCT - Wanted PCT - Time Play
Normal Forward
1 - 30% - 30% - 14:33
2 - 28% - 30% - 13:59
3 - 25% - 25% - 12:19
4 - 17% - 15% - 8:13
Normal Defense
1 - 40% - 40% - 19:50
2 - 34% - 35% - 16:52
3 - 23% - 25% - 11:14
4 - 2% - 0% - 1:08
PP Forward
1 - 53% - 60% - 1:03
2 - 47% - 40% - 0:56
PP Defense
1 - 55% - 60% - 1:05
2 - 45% - 40% - 0:54
PK Forward
1 - 47% - 50% - 3:52
2 - 53% - 50% - 4:20
PK Defense
1 - 47% - 50% - 3:53
2 - 53% - 50% - 4:19
PK3 Forward
1 - 0% - 50%
2 - 0% - 50%
PK3 Defense
1 - 0% - 50%
2 - 0% - 50%
44 Forward
1 - 0% - 50%
2 - 0% - 50%
44 Defense
1 - 0% - 50%
2 - 0% - 50%
Last Minute Offensive - 0:45
Last Minute Defensive - 0:00
Total
Forward - 60:00
Defense - 60:00
|
Play-by-Play
1st period
0:01 of 1st period - Mikael Granlund wins face-off versus Chris Kreider in neutral zone.
0:29 of 1st period - Snap shot by Zach Hyman.
0:29 of 1st period - Stopped by Igor Shesterkin with a rebound.
0:31 of 1st period - Slapshot by Drew Doughty.
0:31 of 1st period - Stopped by Igor Shesterkin without a rebound.
0:32 of 1st period - Sebastian Aho wins face-off versus Dylan Strome in New York Rangers zone.
0:35 of 1st period - Wrist shot by Joel Eriksson Ek.
0:35 of 1st period - Stopped by Igor Shesterkin with a rebound.
0:49 of 1st period - Wrist shot by Timo Meier.
0:49 of 1st period - Shot Blocked by Kris Letang.
0:51 of 1st period - Slapshot by Cam Fowler.
0:51 of 1st period - Stopped by Ilya Sorokin without a rebound.
0:52 of 1st period - Sean Couturier wins face-off versus Bo Horvat in Calgary Flames zone.
0:57 of 1st period - Wrist shot by Teuvo Teravainen.
0:57 of 1st period - Stopped by Ilya Sorokin without a rebound.
0:58 of 1st period - Bo Horvat wins face-off versus Conor Garland in Calgary Flames zone.
1:26 of 1st period - John Marino is hit by Chris Kreider and loses puck.
1:37 of 1st period - Snap shot by J.T. Miller.
1:37 of 1st period - Stopped by Igor Shesterkin without a rebound.
1:38 of 1st period - Nicholas Paul wins face-off versus David Kampf in New York Rangers zone.
1:42 of 1st period - Minor Penalty to Tyler Motte for Cross-checking.
1:43 of 1st period - J.T. Miller wins face-off versus David Kampf in New York Rangers zone.
1:52 of 1st period - Wrist shot by J.T. Miller.
1:52 of 1st period - Shot Blocked by John Marino.
1:54 of 1st period - Slapshot by Cale Makar.
1:54 of 1st period - Deflect By Matthew Tkachuk.
1:54 of 1st period - Shot Misses the Net.
1:54 of 1st period - Puck is out of play.
1:55 of 1st period - Sebastian Aho wins face-off versus Mikael Granlund in New York Rangers zone.
3:42 of 1st period - Penalty to Tyler Motte is over, Tyler Motte is back on ice.
4:09 of 1st period - Snap shot by Teuvo Teravainen.
4:09 of 1st period - Shot Blocked by Cale Makar.
4:35 of 1st period - Joel Eriksson Ek is hit by Adam Larsson.
5:07 of 1st period - Off-side.
5:08 of 1st period - Nicholas Paul wins face-off versus Sean Couturier in neutral zone.
5:11 of 1st period - Snap shot by Nic Dowd.
5:11 of 1st period - Stopped by Igor Shesterkin with a rebound.
5:13 of 1st period - Wrist shot by Jeremy Lauzon.
5:13 of 1st period - Stopped by Igor Shesterkin with a rebound.
5:31 of 1st period - Wrist shot by Chris Kreider.
5:31 of 1st period - Stopped by Igor Shesterkin without a rebound.
5:32 of 1st period - J.T. Miller wins face-off versus Mikael Granlund in New York Rangers zone.
5:59 of 1st period - Filip Hronek is hit by Jake Walman and loses puck.
6:12 of 1st period - Wrist shot by Cole Caufield.
6:12 of 1st period - Stopped by Ilya Sorokin with a rebound.
6:26 of 1st period - Snap shot by Sebastian Aho.
6:26 of 1st period - Shot Blocked by Adam Larsson.
6:29 of 1st period - Icing by Tyler Motte.
6:30 of 1st period - David Kampf wins face-off versus Bo Horvat in New York Rangers zone.
6:37 of 1st period - Wrist shot by Tyler Motte.
6:37 of 1st period - Stopped by Ilya Sorokin without a rebound.
6:38 of 1st period - Bo Horvat wins face-off versus Mikael Granlund in Calgary Flames zone.
6:49 of 1st period - Cam Fowler is hit by Oliver Bjorkstrand and loses puck.
7:14 of 1st period - Snap shot by Cole Caufield.
7:14 of 1st period - Stopped by Ilya Sorokin without a rebound.
7:15 of 1st period - Mikael Granlund wins face-off versus Sebastian Aho in Calgary Flames zone.
7:27 of 1st period - Minor Penalty to Joel Eriksson Ek for Tripping.
7:28 of 1st period - J.T. Miller wins face-off versus Nathan MacKinnon in Calgary Flames zone.
9:05 of 1st period - Conor Garland is hit by Drew Doughty and loses puck.
9:16 of 1st period - Nathan MacKinnon is hit by Nicholas Paul and loses puck.
9:27 of 1st period - Penalty to Joel Eriksson Ek is over, Joel Eriksson Ek is back on ice.
10:39 of 1st period - John Marino is hit by J.T. Miller and loses puck.
11:18 of 1st period - Jake Middleton is hit by Cam Fowler and loses puck.
12:08 of 1st period - Jake McCabe is hit by Jeremy Lauzon and loses puck.
12:27 of 1st period - Snap shot by Tyler Motte.
12:27 of 1st period - Stopped by Ilya Sorokin without a rebound.
12:28 of 1st period - Nicholas Paul wins face-off versus Mikael Granlund in Calgary Flames zone.
12:35 of 1st period - Jake Walman is hit by Nic Dowd and loses puck.
13:00 of 1st period - Conor Garland is hit by Cale Makar and loses puck.
13:27 of 1st period - Slapshot by Joel Eriksson Ek.
13:27 of 1st period - Shot Blocked by John Marino.
13:29 of 1st period - Minor Penalty to John Marino for Close Hand On Puck.
13:30 of 1st period - Sebastian Aho wins face-off versus Mikael Granlund in New York Rangers zone.
13:31 of 1st period - Snap shot by Zach Hyman.
13:31 of 1st period - Stopped by Igor Shesterkin without a rebound.
13:32 of 1st period - Sebastian Aho wins face-off versus Mikael Granlund in New York Rangers zone.
13:35 of 1st period - Snap shot by Sebastian Aho.
13:35 of 1st period - Stopped by Igor Shesterkin with a rebound.
13:37 of 1st period - Wrist shot by Jeremy Lauzon.
13:37 of 1st period - Shot Blocked by Jake McCabe.
13:39 of 1st period - Snap shot by Sebastian Aho.
13:39 of 1st period - Stopped by Igor Shesterkin without a rebound.
13:40 of 1st period - Sebastian Aho wins face-off versus Mikael Granlund in New York Rangers zone.
14:23 of 1st period - Wrist shot by Sebastian Aho.
14:23 of 1st period - Stopped by Igor Shesterkin with a rebound.
14:25 of 1st period - Backhand shot by Jeremy Lauzon.
14:25 of 1st period - Stopped by Igor Shesterkin without a rebound.
14:26 of 1st period - Mikael Granlund wins face-off versus J.T. Miller in New York Rangers zone.
14:37 of 1st period - Snap shot by Chris Kreider.
14:37 of 1st period - Shot Misses the Net.
14:39 of 1st period - Slapshot by Cale Makar.
14:39 of 1st period - Shot Misses the Net.
14:41 of 1st period - Backhand shot by J.T. Miller.
14:41 of 1st period - Shot Misses the Net.
15:29 of 1st period - Penalty to John Marino is over, John Marino is back on ice.
15:56 of 1st period - Sean Couturier is hit by Oliver Bjorkstrand and loses puck.
16:17 of 1st period - Mathieu Joseph is hit by Matthew Benning and loses puck.
16:56 of 1st period - Wrist shot by Artemi Panarin.
16:56 of 1st period - Shot Misses the Net.
17:18 of 1st period - Conor Garland is hit by Nic Dowd and loses puck.
18:38 of 1st period - Minor Penalty to Mikael Granlund for Roughing.
18:39 of 1st period - David Kampf wins face-off versus J.T. Miller in New York Rangers zone.
18:39 of 1st period - David Kampf is hit by J.T. Miller.
18:50 of 1st period - Snap shot by J.T. Miller.
18:50 of 1st period - Stopped by Igor Shesterkin with a rebound.
18:52 of 1st period - Slapshot by Jeremy Lauzon.
18:52 of 1st period - Deflect By Jake Walman.
18:52 of 1st period - Stopped by Igor Shesterkin with a rebound.
18:54 of 1st period - Slapshot by J.T. Miller.
18:54 of 1st period - Goal by J.T. Miller - Calgary Flames : 1 - New York Rangers : 0.
18:55 of 1st period - Sebastian Aho wins face-off versus Mikael Granlund in neutral zone.
19:22 of 1st period - Timo Meier is hit by J.T. Miller and loses puck.
Goals for this period are 1 for Calgary Flames vs 0 for New York Rangers.
Shots for this period are 15 for Calgary Flames vs 6 for New York Rangers.
2nd period
0:01 of 2nd period - Mikael Granlund wins face-off versus Sebastian Aho in neutral zone.
0:47 of 2nd period - Wrist shot by Cole Caufield.
0:47 of 2nd period - Deflect By Timo Meier.
0:47 of 2nd period - Stopped by Ilya Sorokin without a rebound.
0:48 of 2nd period - J.T. Miller wins face-off versus Dylan Strome in Calgary Flames zone.
1:20 of 2nd period - Oliver Bjorkstrand is hit by Adam Larsson and loses puck.
2:25 of 2nd period - Snap shot by Timo Meier.
2:25 of 2nd period - Stopped by Ilya Sorokin without a rebound.
2:26 of 2nd period - Sebastian Aho wins face-off versus Artemi Panarin in Calgary Flames zone.
2:26 of 2nd period - Sebastian Aho is hit by Matthew Benning.
3:19 of 2nd period - Snap shot by Nicholas Paul.
3:19 of 2nd period - Stopped by Igor Shesterkin without a rebound.
3:20 of 2nd period - Sean Couturier wins face-off versus Nicholas Paul in New York Rangers zone.
3:47 of 2nd period - J.T. Miller is hit by Jake McCabe and loses puck.
3:54 of 2nd period - Snap shot by Nathan MacKinnon.
3:54 of 2nd period - Shot Blocked by Jake Middleton.
3:56 of 2nd period - Wrist shot by Nathan MacKinnon.
3:56 of 2nd period - Shot Misses the Net.
4:06 of 2nd period - Slapshot by Joel Eriksson Ek.
4:06 of 2nd period - Shot Misses the Net.
4:41 of 2nd period - Pavel Zacha is hit by Marcus Foligno.
5:15 of 2nd period - Slapshot by Nic Dowd.
5:15 of 2nd period - Goal by Nic Dowd - Calgary Flames : 2 - New York Rangers : 0.
5:16 of 2nd period - Mikael Granlund wins face-off versus Sebastian Aho in neutral zone.
5:51 of 2nd period - Slapshot by Dylan Strome.
5:51 of 2nd period - Stopped by Ilya Sorokin with a rebound.
5:53 of 2nd period - Snap shot by Cole Caufield.
5:53 of 2nd period - Shot Blocked by Kris Letang.
8:19 of 2nd period - Wrist shot by Nathan MacKinnon.
8:19 of 2nd period - Shot Blocked by Drew Doughty.
9:06 of 2nd period - Snap shot by Conor Garland.
9:06 of 2nd period - Shot Misses the Net.
9:40 of 2nd period - Filip Hronek is hit by Marcus Foligno and loses puck.
9:57 of 2nd period - Jake McCabe is hit by Filip Hronek and loses puck.
10:26 of 2nd period - Mathieu Joseph is hit by Teuvo Teravainen.
10:33 of 2nd period - Icing by Nicholas Paul.
10:34 of 2nd period - Nicholas Paul wins face-off versus Mikael Granlund in Calgary Flames zone.
10:34 of 2nd period - Nicholas Paul is hit by Artemi Panarin.
10:42 of 2nd period - Snap shot by Matthew Tkachuk.
10:42 of 2nd period - Shot Misses the Net.
10:44 of 2nd period - Snap shot by Chris Kreider.
10:44 of 2nd period - Stopped by Igor Shesterkin without a rebound.
10:45 of 2nd period - J.T. Miller wins face-off versus Mikael Granlund in New York Rangers zone.
10:59 of 2nd period - Off-side.
11:00 of 2nd period - Dylan Strome wins face-off versus Sebastian Aho in neutral zone.
11:27 of 2nd period - Matthew Tkachuk is hit by Artemi Panarin and loses puck.
12:04 of 2nd period - Sean Couturier is hit by Cale Makar and loses puck.
12:26 of 2nd period - Slapshot by Mathieu Joseph.
12:26 of 2nd period - Stopped by Igor Shesterkin without a rebound.
12:27 of 2nd period - Dylan Strome wins face-off versus Sebastian Aho in New York Rangers zone.
12:27 of 2nd period - Dylan Strome is hit by Joel Eriksson Ek.
12:47 of 2nd period - Sebastian Aho is hit by Dylan Strome.
13:17 of 2nd period - Slapshot by Marcus Foligno.
13:17 of 2nd period - Stopped by Ilya Sorokin without a rebound.
13:18 of 2nd period - David Kampf wins face-off versus Bo Horvat in Calgary Flames zone.
13:19 of 2nd period - Slapshot by Marcus Foligno.
13:19 of 2nd period - Stopped by Ilya Sorokin without a rebound.
13:20 of 2nd period - Bo Horvat wins face-off versus David Kampf in Calgary Flames zone.
13:27 of 2nd period - Snap shot by Bo Horvat.
13:27 of 2nd period - Shot Blocked by Jake McCabe.
13:29 of 2nd period - Slapshot by Jeremy Lauzon.
13:29 of 2nd period - Stopped by Igor Shesterkin with a rebound.
13:34 of 2nd period - Off-side.
13:35 of 2nd period - Dylan Strome wins face-off versus Sebastian Aho in neutral zone.
13:49 of 2nd period - Wrist shot by Sebastian Aho.
13:49 of 2nd period - Shot Misses the Net.
13:51 of 2nd period - Slapshot by Jeremy Lauzon.
13:51 of 2nd period - Deflect By Joel Eriksson Ek.
13:51 of 2nd period - Shot Blocked by Jake Walman.
13:51 of 2nd period - Puck is out of play.
13:52 of 2nd period - J.T. Miller wins face-off versus Mikael Granlund in New York Rangers zone.
13:53 of 2nd period - Wrist shot by Matthew Tkachuk.
13:53 of 2nd period - Shot Blocked by Mikael Granlund.
15:04 of 2nd period - Snap shot by Conor Garland.
15:04 of 2nd period - Shot Blocked by Jeremy Lauzon.
15:06 of 2nd period - Slapshot by Sean Couturier.
15:06 of 2nd period - Shot Misses the Net.
15:08 of 2nd period - Snap shot by Sean Couturier.
15:08 of 2nd period - Stopped by Ilya Sorokin without a rebound.
15:09 of 2nd period - Sean Couturier wins face-off versus Chris Kreider in Calgary Flames zone.
15:16 of 2nd period - Snap shot by Conor Garland.
15:16 of 2nd period - Goal by Conor Garland - Calgary Flames : 2 - New York Rangers : 1.
15:17 of 2nd period - Mikael Granlund wins face-off versus Zach Hyman in neutral zone.
15:22 of 2nd period - Drew Doughty is hit by Artemi Panarin and loses puck.
15:58 of 2nd period - Matthew Tkachuk is hit by Dylan Strome.
16:20 of 2nd period - Snap shot by Teuvo Teravainen.
16:20 of 2nd period - Stopped by Ilya Sorokin without a rebound.
16:21 of 2nd period - Mikael Granlund wins face-off versus Sebastian Aho in Calgary Flames zone.
16:36 of 2nd period - Snap shot by Sebastian Aho.
16:36 of 2nd period - Shot Misses the Net.
16:38 of 2nd period - Wrist shot by Kris Letang.
16:38 of 2nd period - Shot Misses the Net.
16:48 of 2nd period - Adam Larsson is hit by Matthew Tkachuk.
16:58 of 2nd period - Snap shot by Dylan Strome.
16:58 of 2nd period - Shot Misses the Net.
17:18 of 2nd period - Wrist shot by Chris Kreider.
17:18 of 2nd period - Stopped by Igor Shesterkin with a rebound.
17:20 of 2nd period - Slapshot by Jeremy Lauzon.
17:20 of 2nd period - Shot Misses the Net.
17:24 of 2nd period - Slapshot by J.T. Miller.
17:24 of 2nd period - Stopped by Igor Shesterkin without a rebound.
17:24 of 2nd period - Minor Penalty to Igor Shesterkin for Slashing.
17:25 of 2nd period - Sebastian Aho wins face-off versus David Kampf in New York Rangers zone.
17:52 of 2nd period - J.T. Miller is hit by Sean Couturier and loses puck.
18:33 of 2nd period - John Marino is hit by Jeremy Lauzon and loses puck.
19:00 of 2nd period - Cale Makar is hit by John Marino and loses puck.
19:24 of 2nd period - Penalty to Marcus Foligno is over, Marcus Foligno is back on ice.
19:36 of 2nd period - Wrist shot by Sean Couturier.
19:36 of 2nd period - Stopped by Ilya Sorokin with a rebound.
Goals for this period are 1 for Calgary Flames vs 1 for New York Rangers.
Shots for this period are 7 for Calgary Flames vs 9 for New York Rangers.
3rd period
0:01 of 3rd period - Sebastian Aho wins face-off versus Mikael Granlund in neutral zone.
0:11 of 3rd period - Snap shot by Nathan MacKinnon.
0:11 of 3rd period - Shot Misses the Net.
0:13 of 3rd period - Snap shot by Artemi Panarin.
0:13 of 3rd period - Shot Hit the Post.
0:15 of 3rd period - Slapshot by Artemi Panarin.
0:15 of 3rd period - Stopped by Ilya Sorokin with a rebound.
0:17 of 3rd period - Snap shot by Artemi Panarin.
0:17 of 3rd period - Stopped by Ilya Sorokin with a rebound.
0:44 of 3rd period - Slapshot by Sebastian Aho.
0:44 of 3rd period - Stopped by Igor Shesterkin with a rebound.
1:00 of 3rd period - Wrist shot by Pavel Zacha.
1:00 of 3rd period - Stopped by Igor Shesterkin with a rebound.
1:03 of 3rd period - Icing by Cam Fowler.
1:04 of 3rd period - Bo Horvat wins face-off versus Dylan Strome in New York Rangers zone.
1:07 of 3rd period - Snap shot by Bo Horvat.
1:07 of 3rd period - Shot Misses the Net.
1:09 of 3rd period - Wrist shot by Pavel Zacha.
1:09 of 3rd period - Shot Misses the Net.
1:11 of 3rd period - Snap shot by Pavel Zacha.
1:11 of 3rd period - Stopped by Igor Shesterkin without a rebound.
1:12 of 3rd period - Nathan MacKinnon wins face-off versus Bo Horvat in New York Rangers zone.
1:39 of 3rd period - Snap shot by Pavel Zacha.
1:39 of 3rd period - Shot Blocked by Mikael Granlund.
1:41 of 3rd period - Slapshot by Jake Middleton.
1:41 of 3rd period - Deflect By Artemi Panarin.
1:41 of 3rd period - Stopped by Igor Shesterkin without a rebound.
1:42 of 3rd period - Dylan Strome wins face-off versus J.T. Miller in New York Rangers zone.
1:53 of 3rd period - Snap shot by Dylan Strome.
1:53 of 3rd period - Stopped by Ilya Sorokin without a rebound.
1:54 of 3rd period - Mikael Granlund wins face-off versus Matthew Tkachuk in Calgary Flames zone.
2:49 of 3rd period - Slapshot by Cam Fowler.
2:49 of 3rd period - Stopped by Ilya Sorokin with a rebound.
2:51 of 3rd period - Snap shot by Tyler Motte.
2:51 of 3rd period - Deflect By David Kampf.
2:51 of 3rd period - Stopped by Ilya Sorokin without a rebound.
2:52 of 3rd period - David Kampf wins face-off versus Chris Kreider in Calgary Flames zone.
2:53 of 3rd period - Slapshot by Marcus Foligno.
2:53 of 3rd period - Stopped by Ilya Sorokin without a rebound.
2:54 of 3rd period - Mikael Granlund wins face-off versus Matthew Tkachuk in Calgary Flames zone.
3:51 of 3rd period - Wrist shot by Matthew Tkachuk.
3:51 of 3rd period - Stopped by Igor Shesterkin with a rebound.
3:53 of 3rd period - Wrist shot by J.T. Miller.
3:53 of 3rd period - Stopped by Igor Shesterkin without a rebound.
3:54 of 3rd period - Bo Horvat wins face-off versus Dylan Strome in New York Rangers zone.
3:57 of 3rd period - Wrist shot by Bo Horvat.
3:57 of 3rd period - Stopped by Igor Shesterkin without a rebound.
3:58 of 3rd period - Dylan Strome wins face-off versus Bo Horvat in New York Rangers zone.
4:16 of 3rd period - Minor Penalty to Jake McCabe for Tripping.
4:17 of 3rd period - J.T. Miller wins face-off versus David Kampf in New York Rangers zone.
4:44 of 3rd period - Zach Hyman is hit by Mikael Granlund.
6:16 of 3rd period - Penalty to Jake McCabe is over, Jake McCabe is back on ice.
6:56 of 3rd period - Bo Horvat is hit by Cam Fowler and loses puck.
7:17 of 3rd period - Matthew Tkachuk is hit by Timo Meier and loses puck.
7:30 of 3rd period - Nathan MacKinnon is hit by Joel Eriksson Ek.
8:17 of 3rd period - David Kampf is hit by Jeremy Lauzon and loses puck.
8:26 of 3rd period - Kris Letang is hit by Marcus Foligno and loses puck.
8:53 of 3rd period - Off-side.
8:54 of 3rd period - Nicholas Paul wins face-off versus Dylan Strome in neutral zone.
9:01 of 3rd period - Snap shot by Nicholas Paul.
9:01 of 3rd period - Shot Blocked by Cole Caufield.
9:03 of 3rd period - Snap shot by Mathieu Joseph.
9:03 of 3rd period - Shot Misses the Net.
9:45 of 3rd period - Wrist shot by Nathan MacKinnon.
9:45 of 3rd period - Stopped by Ilya Sorokin without a rebound.
9:46 of 3rd period - Bo Horvat wins face-off versus Mikael Granlund in Calgary Flames zone.
9:50 of 3rd period - Off-side.
9:51 of 3rd period - Pavel Zacha wins face-off versus Mikael Granlund in neutral zone.
9:54 of 3rd period - Jake McCabe is hit by Kris Letang and loses puck.
10:14 of 3rd period - Icing by Kris Letang.
10:15 of 3rd period - Oliver Bjorkstrand wins face-off versus Sean Couturier in Calgary Flames zone.
10:42 of 3rd period - Wrist shot by Nathan MacKinnon.
10:42 of 3rd period - Shot Blocked by Chris Kreider.
10:44 of 3rd period - Snap shot by Jake McCabe.
10:44 of 3rd period - Stopped by Ilya Sorokin with a rebound.
10:46 of 3rd period - Slapshot by Adam Larsson.
10:46 of 3rd period - Stopped by Ilya Sorokin without a rebound.
10:47 of 3rd period - Dylan Strome wins face-off versus Matthew Tkachuk in Calgary Flames zone.
11:03 of 3rd period - Snap shot by Cole Caufield.
11:03 of 3rd period - Stopped by Ilya Sorokin without a rebound.
11:04 of 3rd period - Sebastian Aho wins face-off versus Mikael Granlund in Calgary Flames zone.
11:32 of 3rd period - Adam Larsson is hit by Drew Doughty and loses puck.
11:37 of 3rd period - Wrist shot by Bo Horvat.
11:37 of 3rd period - Stopped by Igor Shesterkin without a rebound.
11:38 of 3rd period - J.T. Miller wins face-off versus Sean Couturier in New York Rangers zone.
11:43 of 3rd period - Slapshot by Matthew Tkachuk.
11:43 of 3rd period - Stopped by Igor Shesterkin without a rebound.
11:44 of 3rd period - Sean Couturier wins face-off versus J.T. Miller in New York Rangers zone.
11:57 of 3rd period - Snap shot by Teuvo Teravainen.
11:57 of 3rd period - Shot Blocked by Filip Hronek.
14:23 of 3rd period - Slapshot by Jake Walman.
14:23 of 3rd period - Shot Blocked by Bo Horvat.
14:25 of 3rd period - Slapshot by David Kampf.
14:25 of 3rd period - Shot Blocked by Cale Makar.
14:55 of 3rd period - Zach Hyman is hit by Nathan MacKinnon and loses puck.
15:49 of 3rd period - Marcus Foligno is hit by Joel Eriksson Ek.
15:53 of 3rd period - Marcus Foligno is hit by Joel Eriksson Ek and loses puck.
16:00 of 3rd period - Slapshot by Cam Fowler.
16:00 of 3rd period - Shot Blocked by Jeremy Lauzon.
16:10 of 3rd period - David Kampf is hit by J.T. Miller and loses puck.
16:53 of 3rd period - Slapshot by Bo Horvat.
16:53 of 3rd period - Stopped by Igor Shesterkin with a rebound.
17:11 of 3rd period - Wrist shot by Timo Meier.
17:11 of 3rd period - Stopped by Ilya Sorokin with a rebound.
17:13 of 3rd period - Wrist shot by Timo Meier.
17:13 of 3rd period - Stopped by Ilya Sorokin with a rebound.
17:15 of 3rd period - Wrist shot by Dylan Strome.
17:15 of 3rd period - Deflect By Timo Meier.
17:15 of 3rd period - Stopped by Ilya Sorokin without a rebound.
17:16 of 3rd period - J.T. Miller wins face-off versus Conor Garland in Calgary Flames zone.
17:31 of 3rd period - Slapshot by Teuvo Teravainen.
17:31 of 3rd period - Stopped by Ilya Sorokin without a rebound.
17:32 of 3rd period - David Kampf wins face-off versus Bo Horvat in Calgary Flames zone.
18:06 of 3rd period - Wrist shot by Conor Garland.
18:06 of 3rd period - Stopped by Ilya Sorokin without a rebound.
18:07 of 3rd period - Nicholas Paul wins face-off versus David Kampf in Calgary Flames zone.
18:14 of 3rd period - Jeremy Lauzon is hit by Adam Larsson and loses puck.
18:33 of 3rd period - New York Rangers, Igor Shesterkin is pulled from the net.
18:35 of 3rd period - Wrist shot by Artemi Panarin.
18:35 of 3rd period - Stopped by Ilya Sorokin without a rebound.
18:36 of 3rd period - Bo Horvat wins face-off versus Mikael Granlund in Calgary Flames zone.
19:02 of 3rd period - Artemi Panarin is hit by Cale Makar.
19:40 of 3rd period - Snap shot by J.T. Miller.
19:40 of 3rd period - Goal by J.T. Miller - Calgary Flames : 3 - New York Rangers : 1.
19:40 of 3rd period - Igor Shesterkin from New York Rangers was sent back in the game.
19:41 of 3rd period - Sean Couturier wins face-off versus Bo Horvat in neutral zone.
19:55 of 3rd period - Snap shot by Bo Horvat.
19:55 of 3rd period - Stopped by Igor Shesterkin without a rebound.
19:56 of 3rd period - Nicholas Paul wins face-off versus Mikael Granlund in New York Rangers zone.
Goals for this period are 1 for Calgary Flames vs 0 for New York Rangers.
Shots for this period are 12 for Calgary Flames vs 16 for New York Rangers.
Back to the Top